 Dungeon Crawl Stone Soup version 0.29-a0-838-g385bb11a5b (webtiles) character file.

Game seed: 4478826856725703146

39 flyleaff the Slasher (level 3, -2/29 HPs)
             Began as a Demonspawn Chaos Knight on July 13, 2022.
             Was a Plaything of Xom.
             Slain by a meliai (shapeshifter)
             ... wielding a +0 club
              (7 damage)
             ... on level 2 of the Dungeon.
             The game lasted 00:04:13 (1144 turns).

flyleaff the Slasher (Demonspawn Chaos Knight)      Turns: 1144, Time: 00:04:15

Health: -2/29      AC: 12    Str: 14    XL:     3   Next: 26%
Magic:  3/3        EV: 10    Int: 11    God:    Xom [.....*]
Gold:   681        SH:  0    Dex: 12    Spells: 2/2 levels left

rFire   . . .      SeeInvis .   a - +2 falchion (chaos)
rCold   + + .      Faith    .   (no shield)
rNeg    . . .      Spirit   .   n - +4 ring mail of Neip {Rampage rC++ Int-2 Stlth+}
rPois   .          Reflect  .   (no helmet)
rElec   .          Harm     .   (no cloak)
rCorr   .          Rampage  +   (no gloves)
Will    .....                   d - +0 pair of boots
Stlth   ++........              i - amulet of the acrobat
HPRegen 0.09/turn               (no ring)
MPRegen 0.08/turn               (no ring)

@: no status effects
A: yellow scales 1
a: Renounce Religion


You were on level 2 of the Dungeon.
You worshipped Xom.
You were Xom's teddy bear.
You visited 1 branch of the dungeon, and saw 2 of its levels.

You collected 681 gold pieces.

Inventory:

Hand Weapons
 a - a +2 falchion of chaos (weapon)
Missiles
 j - 3 silver boomerangs
Armour
 b - a +2 leather armour
 d - a +0 pair of boots (worn)
 n - the +4 ring mail of Neip (worn) {Rampage rC++ Int-2 Stlth+}
   (You found it on level 2 of the Dungeon)

   Int:       It affects your intelligence (-2).
   rC:        It greatly protects you from cold.
   Rampage:   It bestows one free step when moving towards enemies.
   Stlth:     It makes you more stealthy.
Jewellery
 i - an amulet of the acrobat (around neck)
Scrolls
 e - a scroll of summoning {unknown}
 h - a scroll of identify {unknown}
 k - a scroll of vulnerability {unknown}
 l - a scroll of teleportation {unknown}
Potions
 g - a potion of heal wounds
Miscellaneous
 c - a piece from Xom's chessboard (15/15) (quivered)


   Skills:
 + Level 3.3 Fighting
 * Level 3.4 Long Blades
 + Level 2.2 Armour
 - Level 0.8 Dodging
 + Level 0.2 Evocations


You had 2 spell levels left.
You didn't know any spells.
Your spell library contained the following spells:

 Spells                   Type           Power      Damage    Failure   Level
 Slow                     Hex            0%         N/A       56%         1
 Confusing Touch          Hex            0%         N/A       91%         3
 Vampiric Draining        Necr           0%         2d6       91%         3


Dungeon Overview and Level Annotations

Branches:
Dungeon (2/15)

Altars:
Qazlal


Innate Abilities, Weirdness & Mutations

You are partially covered in yellow scales. (AC +2)


Message History

You feel invigorated.
Xom roars with laughter!
The meliai hits you with a +0 club. The meliai stings you.
The meliai closely misses you.
The meliai stings you but does no damage.
It was a potion of heal wounds.
You feel much better. The meliai closely misses you.
The meliai stings you but does no damage.
The meliai hits you with a +0 club! The meliai closely misses you.
It was a potion of curing.
You feel better.
You feel less invigorated. The meliai closely misses you.
The meliai stings you. The meliai hits you but does no damage.
The meliai stings you but does no damage.
You slash the meliai! You freeze the meliai.
The meliai is moderately wounded.
The meliai misses you. The meliai stings you.
The meliai hits you but does no damage.
The meliai stings you but does no damage.
You hit the meliai. You freeze the meliai.
The meliai is heavily wounded.
The meliai barely misses you. The meliai stings you.
The meliai closely misses you. x2
You hit the meliai.
You feel better.
The meliai is severely wounded.
The meliai closely misses you. The meliai stings you.
The meliai closely misses you.
The meliai stings you but does no damage.
The meliai barely misses you.
The meliai stings you but does no damage.
You miss the meliai.
The meliai is severely wounded.
Xom grants you a gift! Something appears at your feet!
The meliai hits you with a +0 club!
The meliai stings you but does no damage.
The meliai hits you with a +0 club.
* * * LOW HITPOINT WARNING * * *
The meliai stings you!
You die...
Xom chortles!

##### #.#.# #####...# #)#.#
...##...#####.#.#############.
.............................>
................##..#......#
...##...#####.#.##.K#......#
...##...# #.#.##..#......#
...##...# #.#.##g.#......#
######### #...@ygK#......#
###.###.#......# #.#
#.######## .[ #.# ... .# ....
.# ...## .# ####


You could see a meliai shaped shifter, 2 gnolls and a kobold.

Vanquished Creatures
  A dart slug (D:2)
  4 endoplasms
  A giant cockroach (D:1)
  2 goblins
  3 hobgoblins (D:1)
  5 quokkas
  3 ball pythons
  3 bats (D:1)
  4 frilled lizards (D:1)
  3 kobolds (D:1)
  4 rats
33 creatures vanquished.

Vanquished Creatures (others)
  2 plants (D:1)
2 creatures vanquished.

Grand Total: 35 creatures vanquished

Notes
Turn   | Place    | Note
-------+----------+-------------------------------------------
     0 | D:1      | flyleaff the Demonspawn Chaos Knight began the quest for
                  | the Orb.
     0 | D:1      | Reached XP level 1. HP: 18/18 MP: 1/1
    28 | D:1      | XOM: silly message
   115 | D:1      | Gained mutation: You are partially covered in yellow
                  | scales. (AC +2) [demonic ancestry]
   115 | D:1      | Reached XP level 2. HP: 22/24 MP: 2/2
   170 | D:1      | XOM: divination: magic mapping
   270 | D:1      | XOM: god gift: 563 gold pieces
   333 | D:1      | XOM: noise
   383 | D:1      | XOM: enchant monster (bad)
   526 | D:1      | XOM: cloud trail
   843 | D:1      | Found a faded altar of an unknown god.
   954 | D:2      | Found a stormy altar of Qazlal.
  1040 | D:2      | Reached XP level 3. HP: 29/29 MP: 3/3
  1047 | D:2      | Identified the +4 ring mail of Neip {Rampage rC++ Int-2
                  | Stlth+}
  1131 | D:2      | Noticed a shapeshifter
  1131 | D:2      | a gnoll changed into a shapeshifter
  1131 | D:2      | Noticed a meliai
  1131 | D:2      | a shapeshifter changed into a meliai
  1144 | D:2      | XOM: god gift: 957 gold pieces
  1144 | D:2      | Slain by a meliai (shapeshifter)

Illustrated notes

Levels and vault maps discovered:
D:1:      minmay_arrival_solitary_statue, layout_rooms,
          shapermc_ecumenical_altar_mp_urbaneastern
D:2:      layout_basic, basic_altar, uniq_terence

Skill      XL: |  1 |
---------------+----+-----
Long Blades    | 3 |  3.4
Armour         | 2 |  2.2
Fighting       | |  3.3
Dodging        | |  0.8
Evocations     | |  0.2

Action                   || total
-------------------------++-------
Melee: Falchion          ||   109
       Punch             ||     3
  Use: Scroll            ||     3
       Potion            ||     3
Armor: Leather armour    ||    42
       Ring mail         ||    19
Dodge: Dodged            ||    92

Table legend: (Time is in decaauts)
 A = Elapsed time spent in this place.
 B = Non-inter-level travel time spent in this place.
 C = Inter-level travel time spent in this place.
 D = Time resting spent in this place.
 E = Time spent auto-exploring this place.
 F = Levels seen in this place.
 G = Mean time per level.
                   A        B        C        D        E       F      G
               +--------+--------+--------+--------+--------+-----+--------+
         Total |   1159 |   1138 |     21 |      0 |    836 |   2 |  579.5 |
       Dungeon |   1159 |   1138 |     21 |      0 |    836 |   2 |  579.5 |
               +--------+--------+--------+--------+--------+-----+--------+

Top non-repeatable levels by time:
     D:1: 929 daAuts
     D:2: 230 daAuts
